 Dungeon Crawl Stone Soup version 0.20.1-1-g8b1a95d (webtiles) character file.

18270 ChromeMolly the Unseen (level 12, -7/118 HPs)
             Began as an Octopode Fighter on Nov 3, 2017.
             Was an Elder of Trog.
             Killed from afar by an electric eel (11 damage)
             ... with a bolt of electricity
             ... on level 10 of the Dungeon.
             The game lasted 01:01:42 (10737 turns).

ChromeMolly the Unseen (Octopode Fighter)          Turns: 10737, Time: 01:01:43

Health: -7/118     AC:  1    Str: 23    XL:     12   Next: 56%
Magic:  17/17      EV: 14    Int: 11    God:    Trog [****..]
Gold:   361        SH: 28    Dex: 20    Spells: 11/11 levels left

rFire    . . .     SeeInvis +   r - +3 long sword (holy)
rCold    . . .     Gourm    .   J - +7 large shield of Dramatic Exits {Str+3 SInv}
rNeg     . . .     Faith    .   (helmet restricted)
rPois    .         Spirit   .   K - amulet of Democracy {Reflect Dex+4 SH+4}
rElec    .         Reflect  +   (no ring)
rCorr    .         Harm     .   (no ring)
MR       ++...                  (no ring)
Stlth    ..........             (no ring)
Regen    1.3/turn               (no ring)
MPRegen  0.2/turn               (no ring)
                                (no ring)
                                (no ring)

@: berserking, about to teleport, very slightly contaminated, regenerating,
invisible, very quick
A: almost no armour, stealthy swim, amphibious, 8 rings, constrict 8, camouflage
1, gelatinous body 1
a: Berserk, Trog's Hand, Brothers in Arms, Burn Spellbooks, Renounce Religion


You were on level 10 of the Dungeon.
You worshipped Trog.
Trog was greatly pleased with you.
You were very full.

You visited 2 branches of the dungeon, and saw 11 of its levels.
You also visited: Bailey.

You collected 747 gold pieces.
You spent 386 gold pieces at shops.

Inventory:

Hand Weapons
 a - a +0 rapier
 g - a +3 dagger of draining
 r - a +3 long sword of holy wrath (weapon)
Missiles
 e - 477 stones (quivered)
Armour
 o - the +3 warlock's mirror {reflect}
   (You acquired it on level 8 of the Dungeon)
 C - a +2 large shield of protection
 J - the +7 large shield of Dramatic Exits (worn) {Str+3 SInv}
   (You acquired it in a bailey)

   It affects your strength (+3).
   It lets you see invisible.
Jewellery
 l - an uncursed ring of fire
 G - a +2 amulet of reflection
 K - the amulet of Democracy (around mantle) {Reflect Dex+4 SH+4}
   (You found it in a bailey)

   [amulet of reflection]

   It shields you and reflects attacks.
   It affects your dexterity (+4).
   It affects your SH (+4).
Wands
 p - a wand of acid (4/15)
 s - a wand of polymorph (17/24)
 t - a wand of random effects (18/48)
 u - a wand of lightning (10/15)
 x - a wand of enslavement (9/24)
 y - a wand of acid (9/15)
 D - a wand of flame (15/48)
 I - a wand of flame (42/48)
Scrolls
 f - 5 scrolls of remove curse
 v - a scroll of fear
 A - a scroll of teleportation
 E - 3 scrolls of identify
Potions
 b - a potion of berserk rage
 c - a potion of might
 i - 2 potions of mutation
 j - a potion of invisibility
 k - 2 potions of flight
 n - 2 potions of curing
 z - 3 potions of haste
 F - 3 potions of brilliance
Books
 B - a book of Geomancy

   Spells                             Type                      Level
   a - Sandblast                      Earth                        1
   b - Passwall                       Transmutation/Earth          2
   c - Stone Arrow                    Conjuration/Earth            3
   d - Petrify                        Transmutation/Earth          4
   e - Lee's Rapid Deconstruction     Earth                        5
   Trog disapproves of the use of such an item.
 H - a book of Necromancy

   Spells                             Type                      Level
   a - Pain                           Necromancy                   1
   b - Animate Skeleton               Necromancy                   1
   c - Vampiric Draining              Necromancy                   3
   d - Regeneration                   Charms/Necromancy            3
   e - Animate Dead                   Necromancy                   4
   f - Control Undead                 Necromancy                   4
   Trog disapproves of the use of such an item.
Comestibles
 d - 3 bread rations
 m - 3 meat rations
 w - 2 royal jellies


   Skills:
 + Level 6.1 Fighting
 + Level 7.0(7.5) Short Blades
 + Level 4.1(6.1) Long Blades
 * Level 7.3 Throwing
 + Level 6.0 Dodging
 * Level 15.1 Stealth
 + Level 7.9 Shields
 * Level 6.9 Evocations


You had 11 spell levels left.
You didn't know any spells.

Dungeon Overview and Level Annotations

Branches:
Dungeon (10/15)            Temple (1/1) D:4            Lair (0/6) D:10
    Orc: D:9-12

Altars:
Ashenzari
Cheibriados
Dithmenos
Elyvilon
Fedhas
Gozag
Hepliaklqana
Kikubaaqudgha
Makhleb
Nemelex Xobeh
Okawaru
Qazlal
Ru
Sif Muna
Trog
Uskayaw
Vehumet
Xom
Yredelemnul
Zin
The Shining One

Shops:
D:4 [!


Innate Abilities, Weirdness & Mutations

You cannot wear most types of armour.
You are very stealthy in the water. (Stealth+)
You are amphibious.
You can wear up to eight rings at the same time.
You can use your tentacles to constrict eight enemies at once.
Your skin changes colour to match your surroundings (Stealth+).
Your rubbery body absorbs attacks. (AC +1, EV +1)


Message History

The electric eel shoots out a bolt of lightning at you!
The bolt of electricity hits the black bear.
The bolt of electricity hits you! The black bear barely misses you.
The black bear misses you. The black bear claws you.
* * * LOW HITPOINT WARNING * * *
A red film seems to cover your vision as you go berserk!
You feel yourself moving faster!
You feel mighty!
You feel a lot less full.
The electric eel shoots out a bolt of lightning at you!
The bolt of electricity hits the black bear.
The black bear dies!
The bolt of electricity hits you!
* * * LOW HITPOINT WARNING * * *
The electric eel shoots out a bolt of lightning at you!
The bolt of electricity hits you!
* * * LOW HITPOINT WARNING * * *
You slash the ogre!
The ogre is moderately wounded.
The electric eel shoots out a bolt of lightning at you!
The bolt of electricity hits the ogre.
The bolt of electricity hits you!
You die...

# *,,,,,,,,,,,,,,,* #
#......≈.(..,,≈,*
#......≈....,,,,*
#.≈....≈≈KK≈≈≈,,*
#..K≈≈KK≈≈≈≈≈,,,*
##..K≈≈≈≈≈≈≈≈≈,,≈* ######
#....≈≈≈≈≈≈≈≈≈≈≈≈* #####....#
#..≈≈≈≈.≈.≈.≈≈≈≈≈*****
.........###...≈@≈....≈≈≈≈≈≈,,,,,
≈≈≈≈≈≈≈........≈†OT.>..≈≈≈≈≈,,,,,
≈#####≈.+....≈(≈≈≈.....≈≈≈≈≈,,,,,
≈#..)#≈........≈≈≈....≈≈≈≈≈≈,,,,,
≈#.∩).≈.#......≈≈≈.≈...≈≈≈≈,,,,,,
≈#..)#≈.#####...≈≈≈≈...≈≈≈,,,,,,,
≈#####≈.# *#...≈≈≈≈.;;.≈≈,,*+***
≈≈≈≈≈≈≈.# *...≈≈≈≈≈.≈≈≈,,,,*,*
,,,,....# #...≈≈≈≈≈.≈≈≈≈,,,*,**


You could see a troll, a big kobold, an ogre, 2 electric eels and 5 kobolds.

Vanquished Creatures
  An orc warlord (Bailey)
  2 two-headed ogres (D:8)
  The ghost of Duckymcclin the Cleaver, a novice CeFi of Okawaru (D:8)
  An orc knight (Bailey)
  Joseph (D:7)
  A troll (D:9)
  Prince Ribbit (D:9)
  A hippogriff (D:7)
  4 yaks (D:10)
  A wyvern (D:8)
  Menkaure (D:6)
  A water moccasin (D:10)
  15 orc warriors
  A necrophage (D:8)
  4 sky beasts
  3 phantoms
  An ice beast (D:6)
  An ogre (D:9)
  2 centaurs
  4 wolves (D:10)
  Blork the orc (D:5)
  A big kobold (D:7)
  3 bullfrogs
  A water moccasin zombie (D:8)
  2 scorpions
  3 howler monkeys
  An electric eel (D:10)
  4 crimson imps
  2 centaur zombies
  A bullfrog zombie (D:5)
  A quasit (D:5)
  4 hounds
  4 orc priests
  An iguana (D:7)
  Ijyb (D:5)
  7 orc wizards
  10 worker ants
  2 hound skeletons
  2 worker ant zombies
  Robin (D:3)
  6 adders
  17 gnolls
  3 shadow imps
  4 oozes
  An adder skeleton (D:6)
  A worm (D:2)
  2 dart slugs
  3 leopard geckos
  34 orcs
  2 ball pythons (D:2)
  10 bats
  13 giant cockroaches
  39 goblins
  24 hobgoblins
  14 jackals
  5 quokkas
  6 frilled lizards
  8 kobolds
  A quokka skeleton (D:4)
  9 rats
301 creatures vanquished.

Vanquished Creatures (others)
  A black bear (D:10)
  A hound (D:10)
  A quokka skeleton (D:10)
3 creatures vanquished.

Grand Total: 304 creatures vanquished

Notes
Turn   | Place    | Note
-------+----------+-------------------------------------------
     0 | D:1      | ChromeMolly the Octopode Fighter began the quest for the Orb.
     0 | D:1      | Reached XP level 1. HP: 16/16 MP: 1/1
    48 | D:1      | Reached XP level 2. HP: 21/21 MP: 2/2
   238 | D:1      | Reached XP level 3. HP: 26/26 MP: 3/3
   273 | D:1      | Reached skill level 1 in Stealth
   696 | D:2      | Found a shadowy altar of Dithmenos.
  1028 | D:2      | Reached XP level 4. HP: 31/31 MP: 4/4
  1054 | D:2      | Reached skill level 1 in Throwing
  1217 | D:2      | Reached skill level 2 in Stealth
  1686 | D:3      | Noticed Robin
  1695 | D:3      | Killed Robin
  1695 | D:3      | Reached XP level 5. HP: 23/36 MP: 5/5
  1698 | D:3      | Reached skill level 3 in Stealth
  2273 | D:3      | Found a snail-covered altar of Cheibriados.
  2533 | D:3      | Noticed a centaur
  2540 | D:3      | Killed a centaur
  2540 | D:3      | Reached XP level 6. HP: 37/43 MP: 6/6
  2796 | D:4      | Found a staircase to the Ecumenical Temple.
  2826 | Temple   | Entered the Ecumenical Temple
  2901 | Temple   | Became a worshipper of Trog the Wrathful
  3190 | D:4      | Reached skill level 4 in Stealth
  3220 | D:4      | Found a shattered altar of Ashenzari.
  3240 | D:4      | Found Bekemoaq's Distillery.
  3245 | D:4      | Bought a potion of heal wounds for 65 gold pieces
  3245 | D:4      | Bought a potion of heal wounds for 65 gold pieces
  3245 | D:4      | Bought a potion of agility for 52 gold pieces
  3245 | D:4      | Bought a potion of curing for 39 gold pieces
  3444 | D:4      | Found Juinnoef's Antique Armour Boutique.
  3565 | D:5      | Entered Level 5 of the Dungeon
  3591 | D:5      | Noticed Blork the orc
  3606 | D:5      | Killed Blork the orc
  3606 | D:5      | Reached skill level 5 in Stealth
  3655 | D:5      | Reached XP level 7. HP: 43/47 MP: 7/7
  3746 | D:5      | Noticed Ijyb
  3752 | D:5      | Killed Ijyb
  4155 | D:6      | Reached skill level 6 in Stealth
  4289 | D:6      | Reached * piety under Trog
  4434 | D:6      | Noticed Menkaure
  4441 | D:6      | Killed Menkaure
  4441 | D:6      | Reached skill level 7 in Stealth
  4441 | D:6      | Reached skill level 1 in Evocations
  4603 | D:6      | Reached XP level 8. HP: 54/54 MP: 8/8
  5011 | D:6      | Found an ancient bone altar of Kikubaaqudgha.
  5023 | D:6      | Found a glowing golden altar of the Shining One.
  5512 | D:7      | Noticed a hippogriff
  5523 | D:7      | Killed a hippogriff
  5523 | D:7      | Reached skill level 8 in Stealth
  5596 | D:7      | Noticed Joseph
  5606 | D:7      | Killed Joseph
  5606 | D:7      | Reached skill level 9 in Stealth
  5606 | D:7      | Reached XP level 9. HP: 28/59 MP: 0/11
  5898 | D:7      | Reached skill level 5 in Shields
  6052 | D:7      | Reached ** piety under Trog
  6603 | D:7      | Reached skill level 10 in Stealth
  7086 | D:4      | Bought a glowing large shield for 165 gold pieces
  7265 | D:8      | Found a deep blue altar of Sif Muna.
  7289 | D:8      | Noticed Duckymcclin's ghost (novice CeFi)
  7367 | D:8      | Noticed a two-headed ogre
  7385 | D:8      | Identified a scroll of acquirement
  7444 | D:8      | Killed a two-headed ogre
  7444 | D:8      | Reached skill level 5 in Short Blades
  7444 | D:8      | Reached skill level 11 in Stealth
  7459 | D:8      | Killed Duckymcclin's ghost
  7459 | D:8      | Reached skill level 5 in Fighting
  7459 | D:8      | Reached skill level 5 in Evocations
  7459 | D:8      | Reached XP level 10. HP: 66/66 MP: 12/14
  7504 | D:8      | Reached skill level 5 in Throwing
  7504 | D:8      | Reached skill level 12 in Stealth
  7619 | D:8      | Noticed a two-headed ogre
  7626 | D:8      | Killed a two-headed ogre
  8238 | D:9      | Found a sparkling altar of Nemelex Xobeh.
  8248 | D:9      | Reached skill level 1 in Long Blades
  8443 | D:9      | Reached skill level 13 in Stealth
  8509 | D:9      | Found a radiant altar of Vehumet.
  8903 | D:9      | Noticed Prince Ribbit
  8911 | D:9      | Killed Prince Ribbit
  8911 | D:9      | Reached *** piety under Trog
  8911 | D:9      | Reached skill level 5 in Dodging
  9089 | D:9      | Found a white marble altar of Elyvilon.
  9090 | D:9      | Found a burning altar of Makhleb.
  9091 | D:9      | Found a hazy altar of Hepliaklqana.
  9457 | D:10     | Entered Level 10 of the Dungeon
  9526 | D:10     | Reached XP level 11. HP: 52/71 MP: 15/15
  9665 | D:10     | Found a flagged portal.
  9698 | Bailey   | Entered a bailey
 10100 | Bailey   | Reached skill level 14 in Stealth
 10172 | Bailey   | Reached **** piety under Trog
 10349 | Bailey   | Noticed an orc warlord
 10349 | Bailey   | Noticed an orc knight
 10386 | Bailey   | Killed an orc knight
 10391 | Bailey   | Killed an orc warlord
 10590 | Bailey   | Got a warped golden amulet
 10597 | Bailey   | Got a twisted large shield
 10608 | Bailey   | Identified the +7 large shield of Dramatic Exits {Str+3 SInv} (You acquired it in a bailey)
 10609 | Bailey   | Identified the amulet of Democracy {Reflect Dex+4 SH+4} (You found it in a bailey)
 10692 | D:10     | Found a staircase to the Lair.
 10699 | D:10     | Reached skill level 15 in Stealth
 10699 | D:10     | Reached XP level 12. HP: 68/79 MP: 17/17
 10736 | D:10     | HP: 3/118 [electric eel/bolt of electricity (17)]
 10737 | D:10     | Killed from afar by an electric eel

Skill      XL: |  1  2  3  4  5  6  7  8  9 10 11 |
---------------+----------------------------------+-----
Stealth        | 1 2 3 5 7 9 11 13 15 | 15.1
Throwing       | 1 2 3 4 5 7 |  7.3
Shields        | 4 5 6 7 |  7.9
Short Blades   | 3 4 5 6 7 |  7.0
Fighting       | 4 5 6 |  6.1
Evocations     | 1 3 5 6 |  6.9
Dodging        | 4 5 6 |  6.0
Long Blades    | 1 4 |  4.1

Action                   |  1- 3 |  4- 6 |  7- 9 | 10-12 || total
-------------------------+-------+-------+-------+-------++-------
Melee: Rapier            |    13 |       |       |       ||    13
       Constrict         |    18 |    32 |    32 |    74 ||   156
       Tentacles         |     9 |    25 |    44 |    82 ||   160
       Dagger            |    65 |   120 |   172 |   206 ||   563
       Long sword        |       |       |    12 |    64 ||    76
Throw: Stone             |    12 |    12 |    25 |    15 ||    64
Invok: Berserk           |       |       |     3 |     2 ||     5
       Trog's Hand       |       |       |       |     2 ||     2
Evoke: Wand              |       |       |     2 |       ||     2
  Use: Scroll            |       |    10 |     9 |    12 ||    31
       Potion            |       |       |     2 |     9 ||    11
 Stab: Sleeping          |     8 |    12 |    16 |    14 ||    50
       Distracted        |       |     1 |     3 |       ||     4
       Invisible         |       |       |       |     4 ||     4
  Eat: Fruit             |       |     4 |       |     3 ||     7
       Bread ration      |       |     1 |     2 |     3 ||     6
       Chunk             |       |     1 |       |       ||     1
       Royal jelly       |       |       |     1 |     1 ||     2
       Meat ration       |       |       |     1 |       ||     1
Armor: Skin              |     3 |     7 |     5 |    10 ||    25
Dodge: Dodged            |    24 |    49 |    51 |   111 ||   235
Block: Shield            |    37 |    55 |    64 |       ||   156
       Large shield      |       |       |     6 |   273 ||   279
       Reflection        |       |       |       |     6 ||     6
       Rpst.: Long sword |       |       |     2 |    17 ||    19
